 Dungeon Crawl Stone Soup version 0.27.1-35-g4d5d836560 (console) character file.

Game seed: 16090006131053697040

200 Banquo the Chopper (level 6, -3/47 HPs)
             Began as a Formicid Fighter on Mar 4, 2022.
             Was a Follower of Cheibriados.
             Slain by a gnoll sergeant (11 damage)
             ... on level 7 of the Dungeon.
             The game lasted 00:10:29 (3519 turns).

Banquo the Chopper (Formicid Fighter)               Turns: 3519, Time: 00:10:30

Health: -3/47      AC:  6    Str: 31    XL:     6   Next: 6%
Magic:  6/6        EV:  8    Int: 11    God:    Cheibriados [*.....]
Gold:   136        SH: 10    Dex: 13    Spells: 5/5 levels left

rFire    . . .     SeeInvis +   a - +0 war axe (venom)
rCold    . . .     Faith    .   c - +0 kite shield
rNeg     . . .     Spirit   .   b - +0 scale mail
rPois    .         Reflect  .   (helmet unavailable)
rElec    .         Harm     .   (no cloak)
rCorr    .         Rampage  .   (no gloves)
Will     .....                  (no boots)
Stlth    ..........             (no amulet)
HPRegen  0.15/turn              k - +6 ring of strength
MPRegen  0.10/turn              (no ring)

@: very slow
A: permanent stasis, dig shafts and tunnels, antennae 3, four strong arms
a: Dig, Shaft Self, Renounce Religion, Bend Time


You were on level 7 of the Dungeon.
You worshipped Cheibriados.
Cheibriados was aware of your devotion.
You visited 1 branch of the dungeon, and saw 5 of its levels.

You collected 136 gold pieces.

Inventory:

Hand Weapons
 a - a +0 war axe of venom (weapon)
 o - a +0 spear
 s - a +0 flail of draining
Missiles
 i - 152 stones
 l - 73 bolts
 n - 2 throwing nets
 r - 3 boomerangs
Armour
 b - a +0 scale mail (worn)
 c - a +0 kite shield (worn)
Jewellery
 j - a ring of fire
 k - a +6 ring of strength (left hand)
Wands
 e - a wand of polymorph (8)
Potions
 d - a potion of might
 f - a potion of mutation
 g - 2 potions of invisibility
 h - a potion of magic {unknown}
 m - a potion of curing
 p - a potion of flight {unknown}
 q - a potion of attraction {unknown}


   Skills:
 - Level 3.2 Fighting
 + Level 5.8 Axes
 - Level 3.2 Armour
 - Level 3.6 Shields


You had 5 spell levels left.
You didn't know any spells.
Your spell library contained the following spells:

 Spells                   Type           Power      Damage    Failure   Level
 Gell's Gravitas          Tloc           0%         N/A       100%        3
 Lesser Beckoning         Tloc           0%         N/A       100%        3
 Teleport Other           Tloc           0%         N/A       100%        3
 Hailstorm                Conj/Ice       0%         3d3       100%        4
 Ice Form                 Ice/Tmut       0%         N/A       100%        4
 Simulacrum               Ice/Necr       0%         N/A       100%        6


Dungeon Overview and Level Annotations

Branches:
Dungeon (4/15)
 Temple: D:4-7

Altars:
Cheibriados

Shops:
D:1 *((

Annotations:
D:4 Blork the orc


Innate Abilities, Weirdness & Mutations

You cannot be hasted, slowed, berserked, paralysed or teleported.
You can dig through walls and to a lower floor.
You have a pair of large antennae on your head. (SInv)
Your four strong arms can wield two-handed weapons with a shield.


Message History

You are confused.
The orc wizard hits you with a +1 dagger of speed.
The orc wizard casts a spell at you. You resist with some effort.
Blork the orc hits you from afar with a +0 glaive!
The orc wizard hits you with a +1 dagger of speed.
Blork the orc hits you with a +0 glaive!
* * * LOW HITPOINT WARNING * * *
The orc wizard hits you with a +1 dagger of speed.
* * * LOW HITPOINT WARNING * * *
Unknown command.
It was a potion of curing.
You feel better.
Blork the orc zaps a wand.
The puff of flame misses you.
Are you sure you want to shaft yourself?
You block Blork the orc's attack. Blork the orc closely misses you.
You block the orc wizard's attack.
You begin to dig a shaft.
You continue digging a shaft.
The orc wizard hits you but does no damage.
The orc hits you with a +0 club.
* * * LOW HITPOINT WARNING * * *
A shaft appears beneath you!
You fall into a shaft and drop 3 floors!
The shaft crumbles and collapses.
The gnoll sergeant shouts!
Found a scroll of identify, a bronze ring, a ring mail and 5 gold pieces.
Found a stone staircase leading up.
You extend your mandibles.
Unknown command.
You retract your mandibles.
A bullfrog comes into view.
The bullfrog gives a loud, deep croak!
An orc wizard comes into view. It is wielding a +0 dagger.
The orc wizard shouts!
An ice beast comes into view.
The ice beast moves out of view.
The orc wizard gestures at you while chanting.
You resist with some effort.
There is a stone staircase leading up here.
The gnoll sergeant hits you with a +0 spear!
You die...

#[###..#
#.#=..# .
##....#
..#.....#
##...?#.#
....o.#.###
.......F..#
$..##..g###
........@#
##......##
#.......
#........
#..##.....
... ..##..
.. ... ...
....


You could see a gnoll sergeant, a bullfrog and an orc wizard.

Vanquished Creatures
  An orc wizard (D:3)
  5 gnolls
  A howler monkey skeleton (D:4)
  An adder (D:4)
  3 worms
  3 dart slugs
  8 orcs (D:3)
  5 ball pythons
  4 bats
  8 endoplasms
  A giant cockroach (D:1)
  6 goblins
  10 hobgoblins
  3 jackals (D:4)
  4 quokkas
  2 frilled lizards
  5 kobolds
  12 rats
82 creatures vanquished.

Vanquished Creatures (others)
  A plant (D:3)
1 creature vanquished.

Grand Total: 83 creatures vanquished

Notes
Turn   | Place    | Note
-------+----------+-------------------------------------------
     0 | D:1      | Banquo the Formicid Fighter began the quest for the Orb.
     0 | D:1      | Reached XP level 1. HP: 18/18 MP: 1/1
   129 | D:1      | Reached XP level 2. HP: 20/24 MP: 2/2
   356 | D:1      | Reached skill level 3 in Axes
   381 | D:1      | Found Hoyff's Assorted Antiques.
   388 | D:1      | Reached XP level 3. HP: 26/29 MP: 3/3
   717 | D:1      | Found Vounk's Weapon Boutique.
   750 | D:1      | You fall into a shaft and drop 1 floor!
   849 | D:2      | Reached skill level 4 in Axes
   849 | D:2      | Reached XP level 4. HP: 34/35 MP: 4/4
  1322 | D:1      | Found Famialoh's Antique Weapon Shop.
  2117 | D:3      | Reached XP level 5. HP: 16/41 MP: 5/5
  2512 | D:3      | Reached skill level 5 in Axes
  2769 | D:3      | Found a faded altar of an unknown god.
  2777 | D:3      | Became a worshipper of Cheibriados the Contemplative
  2777 | D:3      | Reached * piety under Cheibriados
  3238 | D:4      | Noticed Blork the orc
  3393 | D:4      | Reached XP level 6. HP: 47/47 MP: 6/6
  3509 | D:4      | HP: 1/47 [orc wizard (4)]
  3513 | D:4      | You fall into a shaft and drop 3 floors!
  3517 | D:7      | Noticed an ice beast
  3519 | D:7      | Slain by a gnoll sergeant

Illustrated notes

Levels and vault maps discovered:
D:1:      eino_arrival_water_star, layout_rooms, serial_shops,
          nicolae_shop_stone, shop, shop
D:2:      layout_basic, minmay_diced_spiral
D:3:      layout_loops_ring, shapermc_ecumenical_altar_ellora
D:4:      layout_layer_cave, uniq_blork_the_orc, uniq_edmund
D:7:      layout_cave_pools, gammafunk_temple_overflow_forgotten, temple_pool_b,
          minmay_manual_mail

Skill      XL: |  1  2  3  4  5 |
---------------+----------------+-----
Axes           | 3 4 5 |  5.8
Fighting       | |  3.2
Armour         | |  3.2
Shields        | |  3.6

Action                   |  1- 3 |  4- 6 || total
-------------------------+-------+-------++-------
Melee: War axe           |    79 |   155 ||   234
 Abil: Dig               |     1 |     5 ||     6
       Shaft Self        |       |     1 ||     1
  Use: Scroll            |       |     7 ||     7
       Potion            |       |     1 ||     1
Armor: Scale mail        |    18 |    44 ||    62
Dodge: Dodged            |    19 |    37 ||    56
Block: Kite shield       |    41 |    87 ||   128
